 Dungeon Crawl Stone Soup version 0.31-a0-233-g139696dc86 (webtiles) character file.

Game seed: 6267548526560273650

178780 Nattfarinn the Warrior (level 18, -18/200 HPs)
             Began as an Ogre Venom Mage on July 9, 2023.
             Was the Champion of Okawaru.
             Demolished by a naga warrior
             ... wielding a +0 great sword
              (44 damage)
             ... on level 3 of the Snake Pit.
             The game lasted 02:35:53 (39965 turns).

Nattfarinn the Warrior (Ogre Venom Mage)           Turns: 39965, Time: 02:35:55

Health: -18/200    AC: 21    Str: 21    XL:     18   Next: 21%
Magic:  21/32      EV:  9    Int: 28    God:    Okawaru [******]
Gold:   838        SH:  0    Dex: 15    Spells: 3/37 levels left

rFire   . . .        F - melded +2 whip of Uharam {freeze, Int+4}
rCold   . . .        (shield currently unavailable)
rNeg    + . .        a - +7 swamp dragon scales of Qeny {rPois rN+ Regen+ Int+4 Dex+4}
rPois   +            O - +2 hat {Will+}
rElec   .            Z - scarf {shadows}
rCorr   +            (gloves unavailable)
SInv    +            (boots unavailable)
Will    +++..        r - amulet of regeneration
Stlth   ++           Y - ring "Wezit" {Wiz Will+ rCorr Int+6 Dex+2}
HPRegen 2.13/turn    t - ring "Ilien" {+Blink AC+4 SInv}
MPRegen 0.23/turn

%: wizardry (x1)
@: lethally poisoned (-18 -> -18), blade hands, very slightly contaminated,
studying 2 skills
A: large, unfitting armour, tough skin 1
a: End Transformation, Renounce Religion, Evoke Blink, Heroism, Finesse, Duel


You were on level 3 of the Snake Pit.
You worshipped Okawaru.
Okawaru was exalted by your worship.
You had blades for hands.
You visited 5 branches of the dungeon, and saw 28 of its levels.

You collected 2763 gold pieces.
You spent 1925 gold pieces at shops.

Inventory:

Hand Weapons
 F - the +2 whip of Uharam (melded) {freeze, Int+4}
   (You found it on level 6 of the Dungeon)

   Int:       It affects your intelligence (+4).
Missiles
 j - 5 throwing nets
Armour
 a - the +7 swamp dragon scales of Qeny (worn) {rPois rN+ Regen+ Int+4 Dex+4}
   (You acquired it on level 14 of the Dungeon)

   Int:       It affects your intelligence (+4).
   Dex:       It affects your dexterity (+4).
   rPois:     It protects you from poison.
   rN:        It protects you from negative energy.
   Regen:     It increases your rate of health regeneration.
 i - the +5 tower shield of Zurrah {Drain rElec Stlth+}
   (Okawaru gifted it to you on level 2 of the Swamp)

   rElec:     It insulates you from electricity.
   Drain:     It drains your maximum health when unequipped.
   Stlth:     It makes you more stealthy.
 x - the +5 robe "Buopt" {+Inv rC+ Dex-5 Archmagi}
   (You found it on level 14 of the Dungeon)

   Dex:       It affects your dexterity (-5).
   rC:        It protects you from cold.
   +Inv:      It lets you turn invisible.
   Archmagi:  It increases the power of your magical spells.
 O - a +2 hat of willpower (worn)
 Z - a scarf of shadows (worn)
Jewellery
 e - a ring of protection from cold
 l - a +6 ring of strength
 r - an amulet of regeneration (around neck)
 t - the ring "Ilien" (right blade hand) {+Blink AC+4 SInv}
   (You found it on level 3 of the Lair of Beasts)

   [ring of protection]

   AC:        It affects your AC (+4).
   SInv:      It lets you see invisible.
   +Blink:    It lets you blink.
 w - a ring of positive energy
 A - an amulet of magic regeneration
 B - a ring of ice
 C - a ring of resist corrosion
 D - a ring of flight
 G - a +6 ring of intelligence
 K - a ring of wizardry
 R - a +6 ring of dexterity
 S - an amulet of faith
 T - an amulet of the acrobat
 U - a ring of magical power
 Y - the ring "Wezit" (left blade hand) {Wiz Will+ rCorr Int+6 Dex+2}
   (You bought it in a shop on level 2 of the Orcish Mines)

   [ring of wizardry]

   It improves your spell success rate.
   Int:       It affects your intelligence (+6).
   Dex:       It affects your dexterity (+2).
   rCorr:     It protects you from acid and corrosion.
   Will:      It increases your willpower.
Wands
 s - a wand of iceblast (22)
 y - a wand of flame (32)
 Q - a wand of light (2)
Scrolls
 d - 3 scrolls of teleportation
 g - 2 scrolls of poison
 k - 3 scrolls of enchant weapon
 m - 3 scrolls of identify
 q - 2 scrolls of revelation
 v - 2 scrolls of brand weapon
 E - 3 scrolls of fear
 H - 3 scrolls of fog
 I - 4 scrolls of immolation
 L - 4 scrolls of vulnerability
 M - 4 scrolls of amnesia
Potions
 b - 4 potions of magic
 c - 7 potions of haste {unknown}
 f - 3 potions of curing
 h - a potion of ambrosia {unknown}
 n - 3 potions of lignification {unknown}
 o - 2 potions of invisibility {unknown}
 p - 6 potions of mutation {unknown}
 u - 4 potions of brilliance
 z - 5 potions of might
 J - 5 potions of attraction {unknown}
 N - 3 potions of enlightenment {unknown}
 P - a potion of resistance {unknown}
 V - 6 potions of degeneration {unknown}
Miscellaneous
 W - a tin of tremorstones (2/2)
 X - a lightning rod (4/4)


   Skills:
 - Level 17.1 Fighting
 - Level 3.6(3.7) Maces & Flails
 - Level 0.5(2.5) Staves
 - Level 1.7 Dodging
 - Level 4.1 Stealth
 * Level 12.9 Shields
 - Level 14.9 Unarmed Combat
 - Level 10.3 Spellcasting
 - Level 8.0 Translocations
 - Level 9.1 Transmutations
 - Level 5.4 Ice Magic
 - Level 12.2 Poison Magic


You had 3 spell levels left.
You knew the following spells:

 Your Spells              Type           Power      Damage    Failure   Level
a - Sting                 Tmut/Pois      100%       1d8       2%          1
b - Spider Form           Tmut/Pois      65%        N/A       4%          3
c - Olgreb's Toxic Radia  Pois           70%        N/A       4%          4
d - Mephitic Cloud        Conj/Pois/Air  37%        N/A       12%         3
e - Stone Arrow           Conj/Erth      28%        3d8       30%         3
f - Poisonous Vapours     Pois/Air       96%        N/A       6%          2
g - Ice Form              Ice/Tmut       53%        N/A       11%         4
h - Blade Hands           Tmut           30%        N/A       12%         5
i - Passwall              Tmut/Erth      33%        N/A       8%          2
j - Ignite Poison         Fire/Tmut/Pois 53%        N/A       6%          3
k - Manifold Assault      Tloc           56%        N/A       9%          4

Your spell library contained the following spells:

 Spells                   Type           Power      Damage    Failure   Level
 Beastly Appendage        Tmut           100%       N/A       3%          1
 Wereblood                Tmut           60%        N/A       3%          2
 Lesser Beckoning         Tloc           100%       N/A       4%          2
 Freeze                   Ice            100%       1d10      5%          1
 Gell's Gravitas          Tloc           56%        N/A       5%          3
 Teleport Other           Tloc           56%        N/A       5%          3
 Cigotuvi's Dreadful Rot  Necr/Pois/Air  74%        N/A       9%          2
 Frozen Ramparts          Ice            90%        1d14      9%          3
 Ensorcelled Hibernation  Hex/Ice        58%        N/A       11%         2
 Portal Projectile        Hex/Tloc       74%        N/A       12%         3
 Sandblast                Erth           28%        2d8       16%         1
 Hailstorm                Conj/Ice       29%        3d8       16%         3
 Sublimation of Blood     Necr           14%        N/A       21%         2
 Inner Flame              Hex/Fire       14%        N/A       30%         3
 Petrify                  Tmut/Erth      40%        N/A       21%         4
 Eringya's Noxious Bog    Tmut/Pois      32%        4d6       22%         6
 Irradiate                Conj/Tmut      20%        3d18      38%         5
 Yara's Violent Unravell  Hex/Tmut       20%        3d9       38%         5
 Dispersal                Tloc           28%        N/A       45%         6
 Anguish                  Hex/Necr       7%         N/A       58%         4
 Flame Wave               Conj/Fire      14%        2d6       58%         4
 Leda's Liquefaction      Hex/Erth       7%         N/A       58%         4
 Sticky Flame             Conj/Fire      14%        2d4       58%         4
 Freezing Cloud           Conj/Ice/Air   12%        6-21      65%         5
 Agony                    Necr           14%        N/A       83%         5
 Borgnjor's Vile Clutch   Necr/Erth      7%         N/A       83%         5
 Storm Form               Tmut/Air       20%        N/A       99%         7
 Disjunction              Tloc           28%        N/A       100%        8
 Lehudib's Crystal Spear  Conj/Erth      7%         10d3      100%        8
 Necromutation            Tmut/Necr      20%        N/A       100%        8
 Call Canine Familiar     Summ           Unusable   N/A       N/A         3
 Summon Forest            Summ/Tloc      Unusable   N/A       N/A         5
 Animate Armour           Summ/Erth      Unusable   N/A       N/A         4
 Animate Dead             Necr           Unusable   N/A       N/A         4
 Summon Lightning Spire   Summ/Air       Unusable   N/A       N/A         4
 Simulacrum               Ice/Necr       Unusable   N/A       N/A         6
 Death Channel            Necr           Unusable   N/A       N/A         6
 Summon Hydra             Summ           Unusable   N/A       N/A         7

Dungeon Overview and Level Annotations

Branches:
Dungeon (15/15)            Temple (0/1) D:5            Lair (5/5) D:11
  Swamp (3/4) Lair:3        Snake (3/4) Lair:3        Slime (0/5) Lair:5
    Orc (2/2) D:12            Elf (0/3) Orc:2        Vaults (0/5) D:13
 Depths (0/4) D:15

Altars:
Ashenzari
Cheibriados
Elyvilon
Kikubaaqudgha
Makhleb
Nemelex Xobeh
Okawaru
Ru
Sif Muna
Trog
Wu Jian
Xom
Zin
Jiyva

Shops:
D:8 (   D:12 =   D:14 :   Orc:2 (=:   Snake:1 ::

Annotations:
D:2 1 runed translucent door, Crazy Yiuf
D:3 2 transporters, Decritt's ghost, amateur DEFE
Swamp:1 2 transporters, caveywoolpert's ghost, adept MfMo


Innate Abilities, Weirdness & Mutations

You have blades for hands.
Your spellcasting is less reliable in this form.
You are incapable of wielding weapons or throwing items.
You are too large for most types of armour.
You have tough skin. (AC +1)


Message History

The naga spits poison at you.
The splash of poison hits you but does no damage.
You are more poisoned.
You resist. The naga warrior spits poison at you.
The splash of poison hits you but does no damage.
You resist. The naga warrior constricts you.
Unknown command.
Unknown command.
You barely miss the naga warrior.
The naga warrior is almost dead.
You feel very sick.
The naga warrior hits you with a +0 great sword!!
The naga spits poison at you.
The splash of poison hits you but does no damage.
You resist.
Unknown command.
Unknown command.
Casting: Blade Hands (mildly dangerous; 12% risk of failure)
Confirm with . or Enter, or press ? or * to list all spells.
You miscast Manifold Assault.
You are very lightly contaminated with residual magic.
Nothing appears to happen.
You feel very sick. The naga closely misses you.
The naga warrior hits you but does no damage.
The naga warrior constricts you.
The naga warrior hits you with a +0 great sword!!!
* * * LOW HITPOINT WARNING * * *
Unknown command.
Unknown command.
Unknown command.
As you read the scroll of fear, it crumbles to dust.
You assume a fearsome visage.
The guardian serpent resists with almost no effort.
The naga warrior resists with almost no effort.
The naga warrior looks frightened!
The naga looks frightened! x2
You feel sick. The naga warrior loses its grip on you.
The naga warrior hits you with a +0 great sword!!!
You die...

#...#
#####.#.#
.......##
.......>#
#####..##
#...#
#...#
#NN.#
#.S.#
##@N#
###)##
##.)N.#
##....##
#...)##
##...##
###...##
#....##
####..##


You could see 2 naga warriors, a guardian serpent and 2 nagas.

Vanquished Creatures
  Rupert (D:13)
  Jorgrun (D:13)
  Gastronok (D:9)
  Kirke (Swamp:2)
  Agnes (Snake:1)
  2 nagarajas (Snake:1)
  Louise (Snake:1)
  A fire giant (D:15)
  Aizul (Snake:1)
  Nessos (D:12)
  2 green draconians (Swamp:2)
  A dire elephant (Lair:3)
  2 eleionomae (Swamp:3)
  3 bunyips
  Fannar (Lair:1)
  2 vault guards (D:13)
  3 ghost crabs (Swamp:3)
  14 hydras
  3 salamander tyrants
  The ghost of Dustruala the Basher, a journeyman GrFi of Hepliaklqana (Orc:1)
  2 centaur warriors
  8 anacondas
  3 alligators
  A death knight (D:13)
  2 tengu warriors (D:15)
  5 boulder beetles
  A merfolk avatar (Lair:5)
  4 two-headed ogres
  A naga warrior (Snake:1)
  Urug (Orc:2)
  6 naga sharpshooters
  4 shock serpents
  3 orc high priests (Orc:2)
  6 skysharks
  4 salamander mystics
  A sea snake (Snake:1)
  4 goliath frogs
  3 spriggan druids
  5 naga ritualists (Snake:1)
  3 swamp dragons
  3 bog bodies
  A lindwurm (Lair:2)
  6 orc knights
  2 wizards (D:13)
  2 necromancers (D:13)
  2 spriggan simulacra (Swamp:1)
  4 oklob plants (Lair:5)
  14 salamanders
  5 mana vipers
  4 cyclopes
  9 ugly things
  4 orc sorcerers (Orc:2)
  2 deep elf pyromancers
  5 manticores
  2 will-o-the-wisps
  A guardian serpent (Snake:3)
  39 elephants
  12 naga magi
  A torpor snail (Lair:5)
  31 black mambas
  4 gargoyles
  5 unseen horrors
  8 cane toads
  A kobold demonologist (D:7)
  7 komodo dragons
  2 freezing wraiths (D:13)
  A yaktaur (D:13)
  6 rime drakes
  3 tengu conjurers
  4 polar bears
  9 hornets
  A bloated husk (Swamp:2)
  8 tyrant leeches
  Prince Ribbit (D:7)
  11 trolls
  A wind drake (Lair:5)
  Grinder (D:3)
  5 spectral orcs (Orc:1)
  22 blink frogs
  16 dream sheep
  2 slime creatures (D:7)
  A shadow (D:11)
  11 spriggans
  6 wyverns
  46 yaks
  6 vampires
  5 basilisks
  3 hogs (Swamp:2)
  A wraith (D:13)
  A fire elemental (Lair:2)
  18 humans (D:13)
  A steam dragon (Lair:5)
  14 vampire mosquitoes
  A harpy simulacrum (Swamp:1)
  29 nagas
  16 swamp worms
  2 wargs (D:15)
  15 water moccasins
  Menkaure (D:7)
  2 acid dragons
  5 swamp drakes
  4 black bears
  5 ice beasts
  19 orc warriors
  A sky beast (D:7)
  An alligator simulacrum (Swamp:1)
  4 ogres
  14 wolves
  A phantom (D:5)
  8 centaurs
  3 kobold brigands
  10 bullfrogs
  2 gnoll sergeants
  3 scorpions
  A deep troll simulacrum (Swamp:1)
  3 wights (D:9)
  19 killer bees
  3 lindwurm simulacra (Swamp:1)
  2 electric eels (Snake:1)
  6 howler monkeys
  7 jellies
  A gnoll bouda (D:8)
  A hound (D:6)
  19 orc priests
  4 iguanas
  Jessica (D:3)
  Terence (D:3)
  24 orc wizards
  3 sleepcaps
  Natasha (thrice) (D:3)
  17 gnolls
  6 adders
  2 shadow imps
  A white imp (D:6)
  An ufetubus (D:6)
  2 orc simulacra (Orc:1)
  3 worms
  2 dart slugs
  60 orcs
  3 bats
  15 endoplasms
  4 giant cockroaches
  8 goblins
  10 hobgoblins
  2 jackals (D:4)
  6 quokkas
  5 ball pythons
  8 frilled lizards
  25 kobolds
  5 rats
919 creatures vanquished.

Vanquished Creatures (others)
  A mana viper (Snake:1)
  2 bloated husks
  An orc priest (Orc:2)
  An orc wizard (Orc:2)
  An endoplasm (D:7)
  10 foxfires
16 creatures vanquished.

Grand Total: 935 creatures vanquished

Notes
Turn   | Place    | Note
-------+----------+-------------------------------------------
     0 | D:1      | Nattfarinn the Ogre Venom Mage began the quest for the Orb.
     0 | D:1      | Reached XP level 1. HP: 16/16 MP: 3/3
   126 | D:1      | Reached skill level 1 in Fighting
   198 | D:1      | Reached XP level 2. HP: 15/28 MP: 1/5
   319 | D:1      | Reached skill level 2 in Fighting
   463 | D:1      | Found a faded altar of an unknown god.
   813 | D:1      | Reached XP level 3. HP: 23/36 MP: 1/7
  1229 | D:1      | Learned a level 3 spell: Spider Form
  1513 | D:1      | Reached skill level 1 in Transmutations
  1780 | D:2      | Found an iron altar of Okawaru.
  2032 | D:2      | Became a worshipper of Warmaster Okawaru
  2051 | D:2      | Reached XP level 4. HP: 44/44 MP: 5/8
  2374 | D:2      | Found a runed translucent door.
  2375 | D:2      | Noticed Crazy Yiuf
  2409 | D:3      | Noticed Jessica
  2415 | D:3      | Killed Jessica
  2581 | D:3      | Found a transporter.
  2586 | D:3      | Noticed Decritt's ghost (amateur DEFE)
  2656 | D:3      | Found a transporter.
  2665 | D:3      | Noticed Terence
  2665 | D:3      | Noticed Grinder
  2695 | D:3      | Killed Terence
  2696 | D:3      | Reached XP level 5. HP: 49/52 MP: 1/9
  2777 | D:3      | Paralysed by Grinder for 5 turns
  2803 | D:3      | Killed Grinder
  2803 | D:3      | Reached * piety under Okawaru
  2804 | D:3      | Reached XP level 6. HP: 49/59 MP: 0/10
  2811 | D:3      | Learned a level 4 spell: Olgreb's Toxic Radiance
  2916 | D:3      | Found a glowing silver altar of Zin.
  2962 | D:3      | Noticed Natasha
  2978 | D:3      | Killed Natasha
  3207 | D:3      | Found a burning altar of Makhleb.
  3211 | D:3      | You fall into a shaft and drop 1 floor!
  3322 | D:4      | Found a white marble altar of Elyvilon.
  3650 | D:3      | Noticed Natasha
  3667 | D:3      | Killed Natasha
  3877 | D:3      | Noticed Natasha
  3887 | D:3      | Killed Natasha
  3982 | D:4      | Found an ancient bone altar of Kikubaaqudgha.
  4001 | D:4      | Reached XP level 7. HP: 65/66 MP: 5/11
  4097 | D:4      | Reached skill level 5 in Poison Magic
  4471 | D:4      | Found an ornate altar of the Wu Jian Council.
  5091 | D:4      | Reached skill level 5 in Transmutations
  5216 | D:4      | Found an iron altar of Okawaru.
  5489 | D:5      | Entered Level 5 of the Dungeon
  5493 | D:5      | Reached skill level 3 in Fighting
  5495 | D:5      | Reached skill level 1 in Maces & Flails
  5498 | D:5      | Reached XP level 8. HP: 75/75 MP: 4/12
  5684 | D:5      | Found a staircase to the Ecumenical Temple.
  5732 | D:5      | Reached skill level 4 in Fighting
  5822 | D:5      | Reached ** piety under Okawaru
  5882 | D:5      | Found a sacrificial altar of Ru.
  5964 | D:5      | Identified the +1 scale mail of Vehumet's Generosity {Harm
                  | Regen+ Int-4 Dex-4}
  6133 | D:5      | Reached skill level 5 in Fighting
  6613 | D:6      | Found a snail-covered altar of Cheibriados.
  6657 | D:6      | Found a broken altar of Ashenzari.
  6660 | D:6      | Identified the +0 buckler of Panentheism {Regen+ Int+3
                  | Stlth+}
  6670 | D:6      | Reached skill level 1 in Unarmed Combat
  7038 | D:6      | Found a sparkling altar of Nemelex Xobeh.
  7043 | D:6      | Found a bloodstained altar of Trog.
  7183 | D:6      | Reached skill level 6 in Fighting
  7188 | D:6      | Noticed a wyvern
  7280 | D:6      | Reached XP level 9. HP: 89/89 MP: 1/13
  7282 | D:6      | Identified the +2 whip of Uharam {freeze, Int+4}
  7673 | D:6      | Found a shimmering blue altar of Sif Muna.
  7728 | D:6      | Learned a level 3 spell: Mephitic Cloud
  7886 | D:7      | Reached skill level 7 in Fighting
  7890 | D:7      | Reached skill level 5 in Unarmed Combat
  8024 | D:7      | Reached *** piety under Okawaru
  8097 | D:7      | Noticed Prince Ribbit
  8114 | D:7      | Killed Prince Ribbit
  8255 | D:7      | Noticed Menkaure
  8266 | D:7      | Killed Menkaure
  8267 | D:7      | Reached skill level 8 in Fighting
  8592 | D:7      | Reached XP level 10. HP: 76/106 MP: 14/14
  8702 | D:7      | Reached skill level 9 in Fighting
  8707 | D:7      | Reached **** piety under Okawaru
  8715 | D:7      | Noticed a boulder beetle
  8719 | D:7      | Noticed a kobold demonologist
  8730 | D:7      | Noticed a rust devil
  8732 | D:7      | Killed a kobold demonologist
  8744 | D:7      | Killed a boulder beetle
  8899 | D:7      | Noticed a purple ugly thing
  8936 | D:7      | Reached skill level 10 in Fighting
  9086 | D:7      | Noticed a gargoyle
  9117 | D:6      | Learned a level 3 spell: Stone Arrow
  9258 | D:7      | Killed a purple ugly thing
  9258 | D:7      | Reached ***** piety under Okawaru
  9398 | D:7      | Killed a gargoyle
  9399 | D:7      | Reached skill level 5 in Spellcasting
  9632 | D:7      | Learned a level 2 spell: Poisonous Vapours
 10201 | D:8      | Found Erossu's Antique Weapon Boutique.
 10215 | D:8      | Noticed a two-headed ogre
 10240 | D:8      | Killed a two-headed ogre
 10505 | D:8      | Bought a shimmering whip for 202 gold pieces
 10505 | D:8      | Identified the +4 whip "Quruzis" {antimagic, Contam rElec
                  | rC+ Int+4} (You bought it in a shop on level 8 of the
                  | Dungeon)
 10832 | D:9      | Reached XP level 11. HP: 34/117 MP: 16/22
 11765 | D:9      | Noticed Gastronok
 11792 | D:9      | Killed Gastronok
 11793 | D:9      | Reached skill level 10 in Spellcasting
 12381 | D:10     | Entered Level 10 of the Dungeon
 12558 | D:10     | Reached skill level 11 in Fighting
 12741 | D:10     | Reached ****** piety under Okawaru
 12821 | D:10     | Identified the +1 dire flail of Balance {freeze, Stlth+}
                  | (Okawaru gifted it to you on level 10 of the Dungeon)
 12821 | D:10     | Received a gift from Okawaru
 12822 | D:10     | Reached skill level 12 in Fighting
 13548 | D:11     | Reached skill level 13 in Fighting
 13849 | D:11     | Reached XP level 12. HP: 112/136 MP: 6/26
 13975 | D:11     | Noticed a boulder beetle
 13992 | D:11     | Killed a boulder beetle
 14041 | D:11     | Reached skill level 14 in Fighting
 14678 | D:11     | Found a staircase to the Lair.
 14864 | D:11     | Noticed a two-headed ogre
 14880 | D:11     | Killed a two-headed ogre
 14881 | D:11     | Reached skill level 15 in Fighting
 14977 | D:11     | Learned a level 4 spell: Ice Form
 15096 | D:12     | Noticed a two-headed ogre
 15104 | D:12     | Killed a two-headed ogre
 15187 | D:12     | Noticed a boulder beetle
 15205 | D:12     | Killed a boulder beetle
 15205 | D:12     | Identified the +2 dire flail "Rat Teol" {flame, Dex-5 SInv
                  | Stlth+} (Okawaru gifted it to you on level 12 of the
                  | Dungeon)
 15205 | D:12     | Received a gift from Okawaru
 15397 | D:12     | Found a staircase to the Orcish Mines.
 15406 | D:12     | Noticed a two-headed ogre
 15414 | D:12     | Killed a two-headed ogre
 15478 | D:12     | Found Irumim's Jewellery Boutique.
 15649 | D:12     | Noticed Nessos
 15662 | D:12     | Killed Nessos
 16643 | D:12     | Noticed a boulder beetle
 16883 | D:12     | Killed a boulder beetle
 17071 | Orc:1    | Entered Level 1 of the Orcish Mines
 17124 | Lair:1   | Entered Level 1 of the Lair of Beasts
 17377 | Lair:1   | Reached XP level 13. HP: 149/149 MP: 16/27
 17379 | Lair:1   | Identified the +2 robe of Okawaru's Grace {+Inv Dex+3}
                  | (Okawaru gifted it to you on level 1 of the Lair of Beasts)
 17379 | Lair:1   | Received a gift from Okawaru
 17700 | Lair:1   | Identified the +1 flail "Nerymoix" {venom, Str+2}
 17709 | Lair:1   | Found a dark tunnel.
 17803 | Lair:1   | Noticed Fannar
 17814 | Lair:1   | Killed Fannar
 17815 | Lair:1   | Reached skill level 10 in Unarmed Combat
 18672 | Lair:2   | Identified the +7 dagger "Rokul" {freeze, rF+}
 19956 | Lair:3   | Identified the +1 dire flail "Kakhogg" {flame, rC- Will+
                  | Dex+3} (Okawaru gifted it to you on level 3 of the Lair of
                  | Beasts)
 19956 | Lair:3   | Received a gift from Okawaru
 20285 | Lair:3   | Found a staircase to the Snake Pit.
 20295 | Lair:3   | Reached skill level 10 in Poison Magic
 20537 | Lair:3   | Reached XP level 14. HP: 159/159 MP: 21/28
 20571 | Lair:3   | Identified the ring "Ilien" {+Blink AC+4 SInv}
 20698 | Lair:3   | Noticed a dire elephant
 20721 | Lair:3   | Killed a dire elephant
 20721 | Lair:3   | Received a gift from Okawaru
 20869 | Lair:3   | Found a staircase to the Swamp.
 20921 | Lair:3   | Found a shimmering altar of Xom.
 22328 | Lair:5   | Entered Level 5 of the Lair of Beasts
 22332 | Lair:5   | Received a gift from Okawaru
 23005 | Lair:4   | HP: 9/190 [skyshark (4)]
 23395 | Lair:5   | Reached skill level 1 in Ice Magic
 23798 | Lair:5   | Reached XP level 15. HP: 160/167 MP: 24/29
 23898 | Lair:5   | Learned a level 5 spell: Blade Hands
 24014 | Lair:5   | Received a gift from Okawaru
 24100 | Lair:5   | Reached skill level 5 in Ice Magic
 24324 | Lair:5   | Learned a level 2 spell: Passwall
 24726 | Lair:5   | Found a viscous altar of Jiyva.
 25245 | Lair:5   | Found a staircase to the Slime Pits.
 25608 | Orc:1    | Found a runed translucent gate.
 25608 | Orc:1    | Found a runed translucent gate.
 25608 | Orc:1    | Found a runed translucent gate.
 25608 | Orc:1    | Noticed Dustruala's ghost (journeyman GrFi)
 26305 | Orc:1    | Killed Dustruala's ghost
 26439 | Orc:2    | Entered Level 2 of the Orcish Mines
 27091 | Orc:2    | Noticed Urug
 27108 | Orc:2    | Killed Urug
 27215 | Orc:2    | Found a staircase to the Elven Halls.
 27349 | Orc:2    | Identified the quicksilver dragon scales "Lutus" {Will+
                  | SInv} (Okawaru gifted it to you on level 2 of the Orcish
                  | Mines)
 27349 | Orc:2    | Received a gift from Okawaru
 27581 | Orc:2    | Reached skill level 16 in Fighting
 27633 | Orc:2    | Found Falan's Book Shop.
 27633 | Orc:2    | Found Wianyj's Assorted Antiques.
 27635 | Orc:2    | Found Wibeti's Jewellery Shop.
 27635 | Orc:2    | Found Amee's Weapon Emporium.
 27641 | Orc:2    | Bought a book of the Warp for 462 gold pieces
 27641 | Orc:2    | Bought a Trismegistus Codex for 286 gold pieces
 27644 | Orc:2    | Bought the ring "Wezit" {Wiz Will+ rCorr Int+6 Dex+2} for
                  | 975 gold pieces
 28152 | D:13     | Learned a level 3 spell: Ignite Poison
 28250 | D:13     | Noticed Rupert
 28273 | D:13     | Killed Rupert
 28430 | D:13     | Noticed Jorgrun
 28504 | D:13     | Killed Jorgrun
 28745 | D:13     | Reached XP level 16. HP: 121/180 MP: 11/30
 29023 | D:13     | Identified the +0 mace of the Everdark {freeze, rElec rN+}
 29123 | D:13     | Identified the +2 mace "Concordance" {speed, Str+3 Stlth+}
 29464 | D:13     | Found a gate to the Vaults.
 29713 | D:14     | Found Juadaw's Book Emporium.
 29720 | D:14     | Identified the +5 robe "Buopt" {+Inv rC+ Dex-5 Archmagi}
 29926 | D:14     | Learned a level 4 spell: Manifold Assault
 30559 | D:14     | Reached skill level 17 in Fighting
 30662 | D:14     | Identified a scroll of acquirement
 30663 | D:14     | Acquired the +7 swamp dragon scales of Qeny {rPois rN+
                  | Regen+ Int+4 Dex+4}
 30818 | D:15     | Entered Level 15 of the Dungeon
 30956 | D:15     | Received a gift from Okawaru
 31191 | D:15     | Found a staircase to the Depths.
 31251 | D:15     | Reached skill level 1 in Translocations
 31646 | D:15     | Found a bloodstained altar of Trog.
 32288 | Swamp:1  | Entered Level 1 of the Swamp
 32413 | Swamp:1  | Noticed caveywoolpert's ghost (adept MfMo)
 32495 | Swamp:1  | Noticed a thorn hunter
 32496 | Swamp:1  | Noticed a thorn hunter
 32582 | Swamp:1  | Found a transporter.
 32620 | Swamp:1  | Reached skill level 5 in Translocations
 32995 | Swamp:1  | Found a transporter.
 33267 | Swamp:1  | Got the Octavo of the Autopsy
 33966 | Swamp:2  | Noticed Kirke
 33969 | Swamp:2  | Identified the +5 tower shield of Zurrah {Drain rElec
                  | Stlth+} (Okawaru gifted it to you on level 2 of the Swamp)
 33969 | Swamp:2  | Received a gift from Okawaru
 33971 | Swamp:2  | Killed Kirke
 34592 | Swamp:2  | Identified the +0 robe of Agoraphobia {rCorr Dex+5 Stlth-}
 34743 | Swamp:2  | Reached XP level 17. HP: 191/191 MP: 27/31
 34811 | Swamp:3  | Reached skill level 1 in Shields
 35075 | Swamp:3  | Found an ancient bone altar of Kikubaaqudgha.
 35318 | Swamp:3  | Reached skill level 5 in Shields
 35824 | Snake:1  | Entered Level 1 of the Snake Pit
 36490 | Snake:1  | Got the Monograph on Floating Configuration
 36569 | Snake:1  | Identified the +2 robe of Neahoun {rElec rC- Regen+ Dex+8}
                  | (Okawaru gifted it to you on level 1 of the Snake Pit)
 36569 | Snake:1  | Received a gift from Okawaru
 36583 | Snake:1  | Noticed Louise
 36591 | Snake:1  | Killed Louise
 36828 | Snake:1  | Noticed Aizul
 36853 | Snake:1  | Killed Aizul
 37234 | Snake:1  | Found Boqutug's Book Shoppe.
 37238 | Snake:1  | Found Ojigar's Book Emporium.
 37819 | Snake:1  | Reached skill level 10 in Shields
 38270 | Snake:2  | Noticed Agnes
 38386 | Snake:1  | Killed Agnes
 38624 | Snake:2  | Received a gift from Okawaru
 38833 | Snake:2  | Reached XP level 18. HP: 169/200 MP: 27/32
 39965 | Snake:3  | Demolished by a naga warrior

Illustrated notes

Levels and vault maps discovered:
D:1:      minmay_arrival_three_doors, layout_basic,
          ebering_ecumenical_altar_hall
D:2:      cheibrodos_helix_gallery, layout_loops_cross, basic_altar,
          uniq_crazy_yiuf_cottage
D:3:      layout_basic, amcnicky_altar_gilded, general_overflow_altar,
          gammafunk_ghost_stat_death, uniq_terence, uniq_natasha, uniq_grinder,
          uniq_jessica
D:4:      layout_gridville, okawaru_altar_gauntlet_db,
          pdpol_wu_jian_five_deadly_venoms, mainiacjoe_overflow_brackets,
          kiku_gazebo_pond_becter
D:5:      layout_basic, nicolae_ru_awakened_eye,
          minmay_temple_entry_statues_fountains
D:6:      layout_basic, mainiacjoe_overflow_alcove_1,
          mainiacjoe_overflow_concentric_impassable, evilmike_ruin_ashenzari,
          mainiacjoe_overflow_six_doors_small, nicolae_sif_muna_little_library
D:7:      lemuel_slime, layout_loops_ring, minmay_the_grid_2x2
          [minmay_the_grid_stretched_grid, minmay_the_grid_zigzag_pyramid,
          minmay_the_grid_dragon_b, minmay_the_grid_prize_inner_circle],
          uniq_menkaure, uniq_prince_ribbit1
D:8:      layout_gridville, nicolae_inconvenience_store
D:9:      layout_basic, serial_glass, glass_columns_c, glass_columns_b,
          uniq_gastronok
D:10:     layout_rooms
D:11:     layout_basic, grunt_lair_entry_orc_guard_hut
D:12:     layout_stronghold, orc_0_dummy, serial_shops, shop,
          grunt_ministairs_9, minmay_fractal_squares_gapless_5, uniq_nessos
D:13:     layout_basic, grunt_vaults_entry_tiered, uniq_rupert, uniq_jorgrun
D:14:     minmay_clustersquares, layout_loops_cross, serial_shops, shop
D:15:     grunt_enter_depths_giant_problem, layout_loops_corners,
          trog_hazing_becter
Lair:1:   layout_misc_corridors, nicolae_volcano_entry_vermiform, uniq_fannar
Lair:2:   layout_gridlike
Lair:3:   mu_elephants_graveyard, layout_chaotic_city, swamp_mist,
          minmay_snake_entry_guardpost_small, lemuel_centaur_altar
Lair:4:   layout_gridlike, chequers_serial_rivers_small_b, st_stairs_8
Lair:5:   gammafunk_lair_ancient_temple, layout_gridlike,
          minmay_slime_entry_oklob_enclosed
Swamp:1:  layout_basic_swamp, gammafunk_ghost_arena,
          portal_ice_cave_entry_ice_simulacra, nicolae_swamp_fairy_circle
Swamp:2:  layout_basic_swamp, nicolae_swamp_big_swirl,
          nicolae_swamp_round_clearing, hangedman_swamp_dais, uniq_kirke
Swamp:3:  layout_falls_marsh, evilmike_swamp_ruin_rubble_1, swamp_pool1,
          nicolae_swamp_godswood
Snake:1:  layout_basic, nicolae_snake_magic_snake_eye, serial_bayou_shore_a,
          minmay_shoptagon, grunt_megastairs_2, uniq_louise, uniq_aizul
Snake:2:  layout_misc_corridors, uniq_agnes
Snake:3:  cheibrodos_toxic_ritual, layout_concentric_octagons
Orc:1:    layout_caves, gammafunk_ghost_necromancy
Orc:2:    grunt_orc_tribal_feast, layout_diamond_mine, uniq_urug

Skill      XL: |  1  2  3  4  5  6  7  8  9 10 11 12 13 14 15 16 17 18 |
---------------+-------------------------------------------------------+-----
Fighting       | 1 2 3 6 8 10 13 15 16 17 | 17.1
Spellcasting   | 3 7 10 | 10.3
Transmutations | 1 2 3 4 5 8 9 |  9.1
Poison Magic   | 3 4 5 10 12 | 12.2
Maces & Flails | 1 3 |  3.6
Unarmed Combat | 3 6 8 9 10 12 14 | 14.9
Ice Magic      | 4 5 |  5.4
Translocations | 8 |  8.0
Stealth        | 4 |  4.1
Shields        | 11 12 | 12.9
Staves         | |  0.5
Dodging        | |  1.7

Action                     |  1- 3 |  4- 6 |  7- 9 | 10-12 | 13-15 | 16-18 || total
---------------------------+-------+-------+-------+-------+-------+-------++-------
  Melee: Unarmed           |    16 |     7 |    99 |   376 |   684 |   690 ||  1872
         Dagger            |    40 |    43 |    22 |       |       |       ||   105
         Punch             |     1 |     1 |     2 |     4 |    29 |    61 ||    98
         Club              |       |       |    84 |       |       |       ||    84
         Whip              |       |       |    77 |    81 |    31 |    16 ||   205
   Cast: Sting             |    57 |    55 |    77 |     6 |     2 |       ||   197
         Olgreb's Toxic Ra |       |     2 |    23 |    84 |   129 |    41 ||   279
         Spider Form       |       |     1 |    10 |    48 |    10 |       ||    69
         Stone Arrow       |       |       |       |    36 |     6 |       ||    42
         Ice Form          |       |       |       |     8 |    45 |    15 ||    68
         Mephitic Cloud    |       |       |       |     2 |    11 |    12 ||    25
         Blade Hands       |       |       |       |       |    41 |    76 ||   117
         Passwall          |       |       |       |       |     7 |       ||     7
         Ignite Poison     |       |       |       |       |     2 |    23 ||    25
         Manifold Assault  |       |       |       |       |       |    46 ||    46
Ability: Evoke Blink       |       |       |       |       |     1 |     1 ||     2
    Use: Scroll            |       |       |     1 |     7 |     8 |    18 ||    34
         Potion            |       |       |     1 |     1 |     4 |     1 ||     7
   Stab: Sleeping          |       |       |     2 |     1 |       |     1 ||     4
         Confused          |       |       |       |     1 |     3 |     1 ||     5
         Distracted        |       |       |       |       |       |     2 ||     2
 Armour: Robe              |    30 |    13 |    25 |    13 |    73 |     7 ||   161
         Skin              |       |       |     3 |    19 |   173 |    80 ||   275
         Swamp dragon scal |       |       |       |       |       |   263 ||   263
  Dodge: Dodged            |    41 |    65 |   252 |   400 |   435 |   276 ||  1469

Table legend: (Time is in decaauts)
 A = Elapsed time spent in this place.
 B = Non-inter-level travel time spent in this place.
 C = Inter-level travel time spent in this place.
 D = Time resting spent in this place.
 E = Time spent auto-exploring this place.
 F = Levels seen in this place.
 G = Mean time per level.
                   A        B        C        D        E       F      G
               +--------+--------+--------+--------+--------+-----+--------+
         Total |  39626 |  36873 |   2753 |   5495 |  25554 |  28 | 1415.2 |
       Dungeon |  21205 |  19882 |   1323 |   2123 |  14938 |  15 | 1413.7 |
          Lair |   8762 |   7894 |    868 |   1628 |   4859 |   5 | 1752.4 |
         Swamp |   3105 |   3007 |     98 |    222 |   2272 |   3 | 1035.0 |
     Snake Pit |   4040 |   3830 |    210 |   1098 |   2004 |   3 | 1346.7 |
  Orcish Mines |   2512 |   2260 |    252 |    424 |   1481 |   2 | 1256.0 |
               +--------+--------+--------+--------+--------+-----+--------+

Top non-repeatable levels by time:
 Snake:1: 2611 daAuts
  Lair:5: 2180 daAuts
    D:12: 2153 daAuts
    D:11: 2035 daAuts
  Lair:3: 1967 daAuts
  Lair:4: 1859 daAuts
  Lair:2: 1769 daAuts
     D:7: 1742 daAuts
     D:4: 1621 daAuts
    D:13: 1556 daAuts
   Orc:2: 1554 daAuts
     D:3: 1471 daAuts
     D:9: 1459 daAuts
    D:15: 1301 daAuts
     D:1: 1290 daAuts
